 Dungeon Crawl Stone Soup version 0.19.1-1-g22dce08 (webtiles) character file.

327 M4edhros the Covert (level 6, -1/38 HPs)
             Began as an Octopode Artificer on Dec 31, 2016.
             Slain by a hound (6 damage)
             ... on level 4 of the Dungeon.
             The game lasted 00:02:50 (1262 turns).

M4edhros the Covert (Octopode Artificer)            Turns: 1262, Time: 00:02:50

Health: -1/38      AC:  1    Str: 11    XL:     6   Next: 50%
Magic:  7/7        EV: 13    Int: 13    God:
Gold:   52         SH:  0    Dex: 15    Spells: 0 memorised, 5 levels left

rFire  . . .     SeeInvis .     a - +0 short sword
rCold  + . .     Gourm    .     (no shield)
rNeg   . . .     Faith    .     (helmet restricted)
rPois  .         Spirit   .     (no amulet)
rElec  .         Reflect  .     (no ring)
rCorr  .         Harm     .     (no ring)
MR     .....                    (no ring)
Stlth  +++++.....               (no ring)
                                (no ring)
                                (no ring)
                                (no ring)
                                (no ring)

@: no status effects
A: almost no armour, stealthy swim, amphibious, 8 rings, constrict 8, camouflage
1, cold resistance 1, low mp 1, screaming 1, gelatinous body 1
a: no special abilities


You were on level 4 of the Dungeon.
You were very hungry.

You visited 2 branches of the dungeon, and saw 5 of its levels.

You collected 52 gold pieces.

Inventory:

Hand Weapons
 a - a +0 short sword (weapon)
Jewellery
 l - an uncursed ring of wizardry {unknown}
Wands
 b - a wand of flame (3/48)
 c - a wand of enslavement (15/24)
 d - a wand of random effects (2/48)
Scrolls
 e - 2 scrolls of identify {unknown}
 g - a scroll of remove curse {unknown}
 h - a scroll of enchant armour {unknown}
 i - a scroll of random uselessness {unknown}
 j - a scroll of magic mapping {unknown}
Comestibles
 f - 5 bread rations
 k - a slice of pizza
 m - a meat ration


   Skills:
 - Level 1.0 Fighting
 - Level 1.0 Short Blades
 - Level 2.0 Dodging
 + Level 9.2 Stealth
 - Level 3.2 Evocations


You had 5 spell levels left.
You didn't know any spells.

Dungeon Overview and Level Annotations

Branches:
Dungeon (4/15)             Temple (1/1) D:4

Altars:
Dithmenos
Elyvilon
Kikubaaqudgha
Makhleb
Qazlal
Ru
Trog
Vehumet
Zin

Annotations:
D:2 Robin


Innate Abilities, Weirdness & Mutations

You cannot wear most types of armour.
You are very stealthy in the water. (Stealth+)
You are amphibious.
You can wear up to eight rings at the same time.
You can use your tentacles to constrict eight enemies at once.
Your skin changes colour to match your surroundings (Stealth+).
Your rubbery body absorbs attacks. (AC +1, EV +1)
Your flesh is cold resistant. (rC+)
Your magical capacity is low. (-10% MP)
You occasionally shout uncontrollably at your foes.


Message History

The hound bites you.
The crimson imp disappears for a moment.
Something hits you!
You closely miss the hound. Your grab misses the hound.
Your squeeze misses the hound.
The hound is moderately wounded.
The hound barely misses you. x2; Something barely misses you.
You hit the hound but do no damage. You grab the hound.
The hound is moderately wounded.
You constrict the hound. The hound bites you. The orc closely misses you.
The hound bites you.
* * * LOW HITPOINT WARNING * * *
You hear some strange, mumbled words.
A magic dart appears from out of thin air!
The magic dart hits you!
* * * LOW HITPOINT WARNING * * *
You hit the hound. You squeeze the hound.
The hound is severely wounded.
You constrict the hound. The hound bites you.
You die...

#..#....#.#......#
..>............###
...###........#
#..........#
#..).......#
#............
#....########
###{o..######
#.@hs.........
#..o#.#.#.#.#.
#...........
#..5..⌠.....⌠.
#........_....
#.....⌠.....⌠.
###..........
#.#.#.#.#.


You could see a scorpion, a hound, a crimson imp and 2 orcs.

Vanquished Creatures
  The ghost of M4edhros the Covert, an amateur OpAr (D:4)
  Menkaure (D:4)
  An ooze (D:2)
  An adder skeleton (D:4)
  2 worms (D:3)
  An orc (D:4)
  5 bats
  A giant cockroach (D:3)
  4 goblins
  3 jackals (D:3)
  2 kobolds (D:3)
  A frilled lizard (D:4)
23 creatures vanquished.

Notes
Turn   | Place    | Note
-------+----------+-------------------------------------------
     0 | D:1      | M4edhros the Octopode Artificer began the quest for the Orb.
     0 | D:1      | Reached XP level 1. HP: 13/13 MP: 3/3
    84 | D:1      | Reached skill level 2 in Stealth
   124 | D:2      | Reached skill level 3 in Stealth
   124 | D:2      | Reached XP level 2. HP: 18/18 MP: 4/4
   162 | D:2      | Noticed Robin
   326 | D:3      | Reached skill level 4 in Stealth
   331 | D:3      | Reached XP level 3. HP: 17/23 MP: 5/5
   474 | D:4      | Noticed Menkaure
   480 | D:4      | Killed Menkaure
   480 | D:4      | Reached skill level 7 in Stealth
   480 | D:4      | Reached XP level 4. HP: 20/28 MP: 6/6
   480 | D:4      | Reached XP level 5. HP: 24/33 MP: 7/7
   568 | D:4      | Noticed an ogre
   572 | D:4      | Noticed a golden eye
   572 | D:4      | an ogre changed into a golden eye
   573 | D:4      | Found a staircase to the Ecumenical Temple.
   644 | Temple   | Entered the Ecumenical Temple
   825 | D:4      | Noticed M4edhros's ghost (amateur OpAr)
   831 | D:4      | Gained mutation: You occasionally shout uncontrollably at your foes. [potion of mutation]
   831 | D:4      | Gained mutation: Your flesh is cold resistant. (rC+) [potion of mutation]
   831 | D:4      | Gained mutation: Your magical capacity is low. (-10% MP) [potion of mutation]
  1079 | D:4      | Killed M4edhros's ghost
  1079 | D:4      | Reached skill level 9 in Stealth
  1079 | D:4      | Reached XP level 6. HP: 28/38 MP: 7/7
  1248 | D:4      | Found a white marble altar of Elyvilon.
  1262 | D:4      | Slain by a hound

Skill      XL: |  1  2  3  4  5 |
---------------+----------------+-----
Stealth        | 3 4 7 9 |  9.2
Fighting       | |  1.0
Short Blades   | |  1.0
Dodging        | |  2.0
Evocations     | |  3.2

Action                   |  1- 3 |  4- 6 || total
-------------------------+-------+-------++-------
Melee: Short sword       |    38 |    21 ||    59
       Tentacles         |    10 |     2 ||    12
       Constrict         |    10 |     2 ||    12
Evoke: Wand              |     1 |    24 ||    25
  Use: Potion            |       |     2 ||     2
 Stab: Sleeping          |     6 |     1 ||     7
Armor: Skin              |     1 |       ||     1
Dodge: Dodged            |    18 |    23 ||    41
